 Dungeon Crawl Stone Soup version 0.23.1 (webtiles) character file.

Game seed: 0

22341 Chiseanne the Fighter (level 12, 0/106 HPs)
             Began as a Gnoll Wanderer on Mar 12, 2019.
             Was an Initiate of Gozag.
             Slain by a two-headed ogre
             ... wielding a +0 dire flail of crushing
              (1 damage)
             ... on level 13 of the Dungeon.
             The game lasted 00:52:24 (16198 turns).

Chiseanne the Fighter (Gnoll Wanderer)             Turns: 16198, Time: 00:52:25

Health: 0/106      AC: 12    Str: 16    XL:     12   Next: 99%
Magic:  0/23       EV: 16    Int: 17    God:    Gozag
Gold:   240        SH:  0    Dex: 18    Spells: 25/26 levels left

rFire    . . .     SeeInvis .   a - +10 battleaxe "Pendulum" {freeze, Dex+5}
rCold    . . .     Gourm    .   (shield currently unavailable)
rNeg     + . .     Faith    .   k - +0 ring mail
rPois    +         Spirit   +   E - +1 hat
rElec    .         Reflect  .   q - +1 cloak
rCorr    .         Harm     .   M - +0 pair of gloves
MR       .....                  J - +0 pair of boots of the Eternal Void {rPois rN+ Dex-3}
Stlth    ++++......             U - amulet of guardian spirit
HPRegen  0.27/turn              (no ring)
MPRegen  0.18/turn              (no ring)

@: gold aura
A: distributed training, fangs 1, strong nose
a: Potion Petition, Call Merchant, Bribe Branch, Renounce Religion


You were on level 13 of the Dungeon.
You worshipped Gozag.
Gozag was aware of your devotion.
You were not hungry.

You visited 2 branches of the dungeon, and saw 14 of its levels.

You collected 3819 gold pieces.
You spent 2039 gold pieces at shops.
You paid 1540 gold pieces to Gozag.

Inventory:

Hand Weapons
 a - the +10 battleaxe "Pendulum" (weapon) {freeze, Dex+5}
   (You bought it in a shop on level 9 of the Dungeon)

   It has been specially enchanted to freeze those struck by it, causing extra
   injury to most foes and up to half again as much damage against particularly
   susceptible opponents.
   It can also slow down cold-blooded creatures.
   It affects your dexterity (+5).
 w - a +0 blowgun
 G - a +2 morningstar of holy wrath
 N - a +2 antimagic battleaxe
 Y - the +12 war axe "Kuddua" {flame, rElec rC+}
   (You found it on level 11 of the Dungeon)

   It has been specially enchanted to burn those struck by it, causing extra
   injury to most foes and up to half again as much damage against particularly
   susceptible opponents.
   Big, fiery blades are also staple armaments of hydra-hunters.
   It protects you from cold.
   It insulates you from electricity.
Missiles
 i - 42 poisoned needles
 s - 14 bolts
 x - 71 sling bullets
 z - 23 tomahawks (quivered)
 C - 127 arrows
 D - a tomahawk of dispersal
 Q - 3 needles of paralysis
 V - 8 curare-tipped needles
Armour
 g - a +2 buckler
 k - a +0 ring mail (worn)
 q - a +1 cloak (worn)
 A - a scarf of repulsion
 E - a +1 hat (worn)
 J - the +0 pair of boots of the Eternal Void (worn) {rPois rN+ Dex-3}
   (You found it on level 6 of the Dungeon)

   It affects your dexterity (-3).
   It protects you from poison.
   It protects you from negative energy.
 M - a +0 pair of gloves (worn)
 R - a +2 pair of boots of running
Jewellery
 n - an uncursed ring of ice
 y - an uncursed amulet of the acrobat
 B - an uncursed ring of fire
 U - an amulet of guardian spirit (around neck)
Wands
 v - a wand of digging (6)
 T - a wand of acid (1)
 W - a wand of iceblast (5)
 Z - a wand of polymorph (7)
Scrolls
 b - 7 scrolls of remove curse
 e - a scroll of fear
 p - 2 scrolls of amnesia
 t - 3 scrolls of enchant armour
 u - a scroll of immolation
 K - a scroll of blinking
 L - 3 scrolls of teleportation
 O - 2 scrolls of magic mapping
 P - a scroll of fog
Potions
 c - 4 potions of curing
 d - a potion of ambrosia
 h - 4 potions of cancellation
 j - 2 potions of magic
 o - 2 potions of brilliance
 r - 7 potions of heal wounds
 F - a potion of invisibility
 H - a potion of mutation
 I - 2 potions of resistance
 S - 2 potions of lignification
Comestibles
 f - 17 rations


   Skills:
 + Level 13.8 Fighting
 + Level 7.7 Short Blades
 + Level 8.1 Long Blades
 + Level 7.7 Axes
 + Level 7.7 Maces & Flails
 + Level 7.7 Polearms
 + Level 7.7 Staves
 + Level 7.7 Slings
 + Level 7.7 Bows
 + Level 7.7 Crossbows
 + Level 7.7 Throwing
 + Level 7.7 Armour
 + Level 8.1 Dodging
 + Level 8.8 Stealth
 + Level 7.7 Shields
 + Level 7.7 Unarmed Combat
 + Level 7.7 Spellcasting
 + Level 6.3 Conjurations
 + Level 6.3 Hexes
 + Level 6.3 Charms
 + Level 6.3 Summonings
 + Level 6.3 Necromancy
 + Level 6.3 Translocations
 + Level 6.3 Transmutations
 + Level 6.3 Fire Magic
 + Level 6.3 Ice Magic
 + Level 6.3 Air Magic
 + Level 6.3 Earth Magic
 + Level 6.3 Poison Magic
 + Level 8.4 Invocations
 + Level 7.7 Evocations


You had 25 spell levels left.
You knew the following spells:

 Your Spells              Type           Power        Failure   Level  Hunger
a - Apportation           Tloc           ####..       1%          1    None

Your spell library contained the following spells:

 Spells                   Type           Power        Failure   Level  Hunger
 Animate Skeleton         Necr           N/A          1%          1    None
 Confusing Touch          Hex            ####..       1%          1    None
 Summon Small Mammal      Summ           ####         1%          1    None
 Irradiate                Conj/Tmut      ####......   36%         5    #####..
 Hydra Form               Tmut           ####......   91%         6    ######.
 Statue Form              Tmut/Erth      ####.....    91%         6    ######.
 Dragon Form              Tmut           ####......   100%        7    #######


Dungeon Overview and Level Annotations

Branches:
Dungeon (13/15)            Temple (1/1) D:5            Lair (0/6) D:10
    Orc (0/2) D:12
 Vaults: D:13-14

Altars:
Ashenzari
Cheibriados
Dithmenos
Elyvilon
Fedhas
Gozag
Hepliaklqana
Kikubaaqudgha
Makhleb
Nemelex Xobeh
Okawaru
Qazlal
Ru
Sif Muna
Trog
Uskayaw
Vehumet
Wu Jian
Xom
Yredelemnul
Zin
The Shining One

Shops:
D:6 ?   D:7 :   D:9 (   D:12 [

Annotations:
D:3 1 runed translucent door, luab's ghost, amateur GnFi
D:8 Maurice
D:11 1 runed translucent door, grerr's ghost, journeyman DECj


Innate Abilities, Weirdness & Mutations

Your experience applies equally to all skills.
You have very sharp teeth.
Your uncanny sense of smell can sniff out nearby items.


Message History

The ogre mage barely misses you.
The two-headed ogre hits you with a +0 dire flail of crushing!
* * * LOW HITPOINT WARNING * * *
x2 The two-headed ogre hits you with a +0 giant club.
* * * LOW HITPOINT WARNING * * *
The ogre mage barely misses you.
Items here: $ ( )))))
What are your orders? t - Bark!
Orders for allies: a - Attack new target. r - Retreat! s - Stop attacking. g - Guard the area. f - Follow me.
Anything else - Cancel.
You bark for attention!
The ogre mage casts a spell at the two-headed ogre.
The two-headed ogre seems to speed up.
The two-headed ogre hits you with a +0 dire flail of crushing!
* * * LOW HITPOINT WARNING * * *
You die...
Your body crumbles into a pile of gold.

##### ..... ##########
...... #........#
###...... #..(<....#
####.O(.....
#........####.@O$#.(....
#........'....#### .(...
#........###### O...
#........# ...
######'### ∆ .. ##.# #
#..# ## #.## .# #.#


You could see a two-headed ogre and an ogre mage.

Vanquished Creatures
  Snorg (D:11)
  Harold (D:8)
  A centaur warrior (D:13)
  A death knight (D:10)
  Erica (D:8)
  6 two-headed ogres
  Nergalle (D:11)
  A deep elf mage (D:12)
  A cyclops (D:13)
  A slime creature (D:6)
  An elephant (D:8)
  A gargoyle (D:13)
  A centaur skeleton (D:11)
  6 trolls
  Prince Ribbit (D:5)
  A harpy skeleton (D:13)
  A hippogriff (D:10)
  2 wyverns
  4 yaks (D:10)
  A basilisk (D:10)
  A hungry ghost (D:12)
  Grum (D:11)
  4 vampire mosquitoes (D:12)
  A swamp worm (D:9)
  A soldier ant (D:10)
  A warg (D:10)
  2 water moccasins
  4 sky beasts
  9 orc warriors
  A swamp drake (D:12)
  4 black bears
  A hornet zombie (D:9)
  14 ogres
  2 ice beasts
  4 centaurs
  4 wolves (D:11)
  8 big kobolds
  2 gnoll sergeants (D:9)
  4 bullfrogs
  A water moccasin skeleton (D:8)
  9 scorpions
  A wyvern skeleton (D:10)
  22 killer bees
  5 howler monkeys
  8 crimson imps
  A centaur zombie (D:6)
  3 bullfrog zombies
  7 jellies
  3 bullfrog skeletons
  Crazy Yiuf (D:7)
  13 orc priests
  7 hounds
  An iguana (D:5)
  7 orc wizards
  4 worker ants
  A killer bee zombie (D:7)
  A hound zombie (D:9)
  A howler monkey zombie (D:10)
  A howler monkey skeleton (D:4)
  11 gnolls
  17 adders
  2 shadow imps
  5 oozes (D:6)
  2 adder skeletons
  4 worms
  4 dart slugs
  7 leopard geckos
  55 orcs
  10 bats
  8 giant cockroaches
  6 goblins
  10 hobgoblins
  17 jackals
  7 quokkas
  A ball python (D:1)
  3 frilled lizards
  24 kobolds
  A quokka skeleton (D:5)
  A quokka zombie (D:5)
  14 rats
408 creatures vanquished.

Vanquished Creatures (others)
  2 fungi (D:6)
  10 toadstools (D:6)
12 creatures vanquished.

Grand Total: 420 creatures vanquished

Notes
Turn   | Place    | Note
-------+----------+-------------------------------------------
     0 | D:1      | Reached skill level 12 in Fighting
     0 | D:1      | Chiseanne the Gnoll Wanderer began the quest for the Orb.
     0 | D:1      | Chiseanne set off with the following items: a +2 falchion,
                  | a +0 spear, a potion of curing, a +0 robe, a +0 dagger, a
                  | ration
     0 | D:1      | Reached XP level 1. HP: 31/31 MP: 1/1
    23 | D:1      | Reached XP level 2. HP: 31/38 MP: 2/2
   455 | D:1      | Reached XP level 3. HP: 44/44 MP: 3/3
   601 | D:1      | You fall through a shaft!
   646 | D:2      | Noticed a black bear
   658 | D:2      | Killed a black bear
   658 | D:2      | Reached skill level 1 in Short Blades
   658 | D:2      | Reached skill level 1 in Axes
   658 | D:2      | Reached skill level 1 in Maces & Flails
   658 | D:2      | Reached skill level 1 in Polearms
   658 | D:2      | Reached skill level 1 in Staves
   658 | D:2      | Reached skill level 1 in Slings
   658 | D:2      | Reached skill level 1 in Bows
   658 | D:2      | Reached skill level 1 in Crossbows
   658 | D:2      | Reached skill level 1 in Throwing
   658 | D:2      | Reached skill level 1 in Armour
   658 | D:2      | Reached skill level 1 in Shields
   658 | D:2      | Reached skill level 1 in Unarmed Combat
   658 | D:2      | Reached skill level 1 in Spellcasting
   658 | D:2      | Reached skill level 1 in Conjurations
   658 | D:2      | Reached skill level 1 in Hexes
   658 | D:2      | Reached skill level 1 in Charms
   658 | D:2      | Reached skill level 1 in Summonings
   658 | D:2      | Reached skill level 1 in Necromancy
   658 | D:2      | Reached skill level 1 in Translocations
   658 | D:2      | Reached skill level 1 in Transmutations
   658 | D:2      | Reached skill level 1 in Fire Magic
   658 | D:2      | Reached skill level 1 in Ice Magic
   658 | D:2      | Reached skill level 1 in Air Magic
   658 | D:2      | Reached skill level 1 in Earth Magic
   658 | D:2      | Reached skill level 1 in Poison Magic
   658 | D:2      | Reached skill level 1 in Invocations
   658 | D:2      | Reached skill level 1 in Evocations
   658 | D:2      | Reached XP level 4. HP: 33/51 MP: 3/5
   658 | D:2      | Reached XP level 5. HP: 37/57 MP: 3/6
  1525 | D:2      | Found a burning altar of Makhleb.
  1526 | D:2      | Found an ancient bone altar of Kikubaaqudgha.
  1526 | D:2      | Found an iron altar of Okawaru.
  2381 | D:3      | Found a shimmering altar of Xom.
  2733 | D:3      | Reached XP level 6. HP: 56/64 MP: 8/8
  3055 | D:3      | Found a runed translucent door.
  3055 | D:3      | Noticed luab's ghost (amateur GnFi)
  3540 | D:4      | Found a sparkling altar of Nemelex Xobeh.
  3667 | D:4      | Reached XP level 7. HP: 55/70 MP: 10/10
  3916 | D:4      | Reached skill level 5 in Stealth
  4789 | D:5      | Entered Level 5 of the Dungeon
  4803 | D:5      | Noticed Prince Ribbit
  4854 | D:5      | Killed Prince Ribbit
  4854 | D:5      | Reached XP level 8. HP: 58/77 MP: 12/12
  5203 | D:5      | Found a staircase to the Ecumenical Temple.
  5211 | Temple   | Entered the Ecumenical Temple
  5263 | Temple   | Became a worshipper of Gozag Ym Sagoz the Greedy
  6336 | D:6      | Found a shattered altar of Ashenzari.
  6663 | D:6      | Got a pair of scorched boots
  6849 | D:6      | Reached XP level 9. HP: 83/83 MP: 14/14
  7073 | D:6      | Killed a large slime creature
  7256 | D:6      | Found Enluel's Magic Scroll Emporium.
  7259 | D:6      | Bought a scroll of fear for 35 gold pieces
  7259 | D:6      | Bought a scroll of blinking for 75 gold pieces
  7259 | D:6      | Bought a scroll of teleportation for 30 gold pieces
  7259 | D:6      | Bought a scroll of summoning for 95 gold pieces
  7259 | D:6      | Bought a scroll of identify for 20 gold pieces
  7259 | D:6      | Bought a scroll of teleportation for 30 gold pieces
  7259 | D:6      | Bought a scroll of magic mapping for 35 gold pieces
  7259 | D:6      | Bought a scroll of fog for 20 gold pieces
  7259 | D:6      | Bought a scroll of fear for 35 gold pieces
  7400 | D:6      | Reached skill level 5 in Long Blades
  7400 | D:6      | Reached skill level 5 in Dodging
  7527 | D:6      | Bought a scroll of enchant weapon for 75 gold pieces
  7803 | D:7      | Found Gayghahi's Book Boutique.
  8012 | D:7      | Found a sacrificial altar of Ru.
  8136 | D:7      | Found a stormy altar of Qazlal.
  8199 | D:7      | Identified the +0 pair of boots of the Eternal Void {rPois
                  | rN+ Dex-3} (You found it on level 6 of the Dungeon)
  8270 | D:6      | Bought a scroll of enchant weapon for 75 gold pieces
  8366 | D:7      | Found a runed translucent door.
  8367 | D:7      | Noticed Crazy Yiuf
  8375 | D:7      | Killed Crazy Yiuf
  8704 | D:8      | Noticed a cyclops
  8756 | D:8      | Found a white marble altar of Elyvilon.
  8756 | D:8      | Found a glowing silver altar of Zin.
  8757 | D:8      | Found a glowing golden altar of the Shining One.
  8786 | D:8      | Reached skill level 5 in Invocations
  8861 | D:8      | Identified a scroll of acquirement
  8901 | D:8      | Reached XP level 10. HP: 91/91 MP: 17/17
  8923 | D:8      | Noticed Harold
  8947 | D:8      | Killed Harold
  8947 | D:8      | Reached skill level 5 in Short Blades
  8947 | D:8      | Reached skill level 5 in Axes
  8947 | D:8      | Reached skill level 5 in Maces & Flails
  8947 | D:8      | Reached skill level 5 in Polearms
  8947 | D:8      | Reached skill level 5 in Staves
  8947 | D:8      | Reached skill level 5 in Slings
  8947 | D:8      | Reached skill level 5 in Bows
  8947 | D:8      | Reached skill level 5 in Crossbows
  8947 | D:8      | Reached skill level 5 in Throwing
  8947 | D:8      | Reached skill level 5 in Armour
  8947 | D:8      | Reached skill level 5 in Shields
  8947 | D:8      | Reached skill level 5 in Unarmed Combat
  8947 | D:8      | Reached skill level 5 in Spellcasting
  8947 | D:8      | Reached skill level 5 in Evocations
  8990 | D:8      | Noticed Erica
  9007 | D:8      | Noticed Maurice
  9117 | D:9      | Noticed a two-headed ogre
  9118 | D:9      | a two-headed ogre changed into a swamp worm
  9338 | D:9      | Found a shimmering altar of Xom.
  9707 | D:8      | Noticed an elephant
  9707 | D:8      | a cyclops changed into an elephant
  9726 | D:8      | Killed an elephant
  9726 | D:8      | Reached skill level 13 in Fighting
 10125 | D:8      | Killed Erica
 10938 | D:10     | Entered Level 10 of the Dungeon
 10992 | D:10     | Noticed a death knight
 11160 | D:10     | Reached XP level 11. HP: 98/98 MP: 15/19
 11581 | D:9      | Bought the +10 battleaxe "Pendulum" {freeze, Dex+5} for
                  | 1267 gold pieces
 11669 | D:10     | Killed a death knight
 11669 | D:10     | Reached skill level 5 in Conjurations
 11669 | D:10     | Reached skill level 5 in Hexes
 11669 | D:10     | Reached skill level 5 in Charms
 11669 | D:10     | Reached skill level 5 in Summonings
 11669 | D:10     | Reached skill level 5 in Necromancy
 11669 | D:10     | Reached skill level 5 in Translocations
 11669 | D:10     | Reached skill level 5 in Transmutations
 11669 | D:10     | Reached skill level 5 in Fire Magic
 11669 | D:10     | Reached skill level 5 in Ice Magic
 11669 | D:10     | Reached skill level 5 in Air Magic
 11669 | D:10     | Reached skill level 5 in Earth Magic
 11669 | D:10     | Reached skill level 5 in Poison Magic
 12044 | D:10     | Found a staircase to the Lair.
 12828 | D:11     | Found a stormy altar of Qazlal.
 12847 | D:11     | Noticed Grum
 12861 | D:11     | Killed Grum
 13015 | D:11     | Found a runed translucent door.
 13015 | D:11     | Found a shimmering altar of Xom.
 13015 | D:11     | Noticed grerr's ghost (journeyman DECj)
 13016 | D:11     | Noticed a +3 dire flail of chaos
 13031 | D:11     | Noticed Nergalle
 13045 | D:11     | Killed Nergalle
 13183 | D:11     | Noticed Snorg
 13196 | D:11     | Killed Snorg
 13196 | D:11     | Reached XP level 12. HP: 56/105 MP: 11/22
 13531 | D:11     | Got a polished war axe
 13545 | D:11     | Identified the +12 war axe "Kuddua" {flame, rElec rC+} (You
                  | found it on level 11 of the Dungeon)
 13598 | D:11     | Learned a level 1 spell: Apportation
 13961 | D:12     | Noticed a two-headed ogre
 13961 | D:12     | Noticed a two-headed ogre
 13967 | D:12     | Killed a two-headed ogre
 13967 | D:12     | Killed a two-headed ogre
 15132 | D:12     | Found a staircase to the Orcish Mines.
 15499 | D:12     | Bought a pair of glowing boots for 247 gold pieces
 15510 | D:12     | Identified a +2 pair of boots of running (You bought it in
                  | a shop on level 12 of the Dungeon)
 15625 | D:13     | Noticed a centaur warrior
 15638 | D:13     | Killed a centaur warrior
 15812 | D:13     | Noticed an ogre mage
 15812 | D:13     | Noticed a two-headed ogre
 15812 | D:13     | Noticed a two-headed ogre
 15812 | D:13     | Noticed a two-headed ogre
 15813 | D:13     | Noticed a two-headed ogre
 15817 | D:13     | Noticed a two-headed ogre
 15822 | D:13     | Killed a two-headed ogre
 15828 | D:13     | Killed a two-headed ogre
 15834 | D:13     | Killed a two-headed ogre
 15853 | D:12     | Killed a two-headed ogre
 16198 | D:13     | HP: 1/106 [two-headed ogre/+0 dire flail of crushing (8)]
 16198 | D:13     | Slain by a two-headed ogre

Skill      XL: |  1  2  3  4  5  6  7  8  9 10 11 12 |
---------------+-------------------------------------+-----
Fighting       | 13 | 13.8
Short Blades   | 1 2 3 4 5 6 7 |  7.7
Axes           | 1 2 3 4 5 6 7 |  7.7
Maces & Flails | 1 2 3 4 5 6 7 |  7.7
Polearms       | 1 2 3 4 5 6 7 |  7.7
Staves         | 1 2 3 4 5 6 7 |  7.7
Slings         | 1 2 3 4 5 6 7 |  7.7
Bows           | 1 2 3 4 5 6 7 |  7.7
Crossbows      | 1 2 3 4 5 6 7 |  7.7
Throwing       | 1 2 3 4 5 6 7 |  7.7
Armour         | 1 2 3 4 5 6 7 |  7.7
Shields        | 1 2 3 4 5 6 7 |  7.7
Unarmed Combat | 1 2 3 4 5 6 7 |  7.7
Spellcasting   | 1 2 3 4 5 6 7 |  7.7
Conjurations   | 1 2 3 4 5 6 |  6.3
Hexes          | 1 2 3 4 5 6 |  6.3
Charms         | 1 2 3 4 5 6 |  6.3
Summonings     | 1 2 3 4 5 6 |  6.3
Necromancy     | 1 2 3 4 5 6 |  6.3
Translocations | 1 2 3 4 5 6 |  6.3
Transmutations | 1 2 3 4 5 6 |  6.3
Fire Magic     | 1 2 3 4 5 6 |  6.3
Ice Magic      | 1 2 3 4 5 6 |  6.3
Air Magic      | 1 2 3 4 5 6 |  6.3
Earth Magic    | 1 2 3 4 5 6 |  6.3
Poison Magic   | 1 2 3 4 5 6 |  6.3
Invocations    | 1 2 3 4 5 6 7 8 |  8.4
Evocations     | 1 2 3 4 5 6 7 |  7.7
Long Blades    | 3 4 5 6 7 8 |  8.1
Dodging        | 3 4 5 6 7 8 |  8.1
Stealth        | 5 6 7 8 |  8.8

Action                   |  1- 3 |  4- 6 |  7- 9 | 10-12 || total
-------------------------+-------+-------+-------+-------++-------
Melee: Falchion          |    66 |   208 |   408 |   199 ||   881
       Bite              |     5 |    30 |    59 |    68 ||   162
       Scimitar          |       |       |       |    79 ||    79
       Battleaxe         |       |       |       |   299 ||   299
Throw: Stone             |       |       |     1 |     1 ||     2
       Throwing net      |       |       |       |     4 ||     4
       Tomahawk          |       |       |       |     3 ||     3
Invok: Call Merchant     |       |       |       |     2 ||     2
Evoke: Wand              |       |     2 |    10 |    13 ||    25
  Use: Scroll            |       |     7 |    18 |    16 ||    41
       Potion            |       |     1 |     1 |     3 ||     5
 Stab: Sleeping          |     5 |    11 |     5 |    13 ||    34
       Paralysed         |       |       |    15 |     3 ||    18
       Distracted        |       |       |     4 |     4 ||     8
       Held in net/web   |       |       |       |     3 ||     3
  Eat: Chunk             |       |     9 |     6 |       ||    15
       Ration            |       |       |     4 |     8 ||    12
Armor: Robe              |     2 |       |       |       ||     2
       Ring mail         |    24 |    69 |   124 |   186 ||   403
Dodge: Dodged            |    47 |   124 |   240 |   518 ||   929
Block: Buckler           |    15 |    61 |   168 |   112 ||   356
       Rpst.: Falchion   |     7 |    34 |    74 |    31 ||   146
       Scimitar          |       |       |       |    31 ||    31
